 Dungeon Crawl Stone Soup version 0.19-a0-713-g934ebc7 (webtiles) character file.

170 xnavy the Charlatan (level 5, 0/44 HPs)
             Began as a Demigod Artificer on June 20, 2016.
             Succumbed to an orc wizard's poison
             ... on level 3 of the Dungeon.
             The game lasted 00:04:40 (1761 turns).

xnavy the Charlatan (Demigod Artificer)             Turns: 1761, Time: 00:04:41

Health: 0/44       AC:  6    Str: 17    XL:     5   Next: 4%
Magic:  10/10      EV: 11    Int: 15    God:
Gold:   41         SH:  0    Dex: 16    Spells: 0 memorised, 4 levels left

rFire  . . .     SeeInvis .     l - +3 whip (elec)
rCold  . . .     Gourm    .     k - +0 scale mail
rNeg   . . .     Faith    .     (no shield)
rPois  .         Spirit   .     (no helmet)
rElec  .         Dismiss  .     (no cloak)
rCorr  .         Reflect  .     (no gloves)
SustAt +         Harm     .     (no boots)
MR     .....                    (no amulet)
Stlth  ..........               (no ring)
                                (no ring)

@: lethally poisoned (0 -> -17), slowed, very slow, not resistant to hostile
enchantments, extremely unstealthy
A: high mp 1, sustain attributes
a: no special abilities


You were on level 3 of the Dungeon.
You were not hungry.

You visited 1 branch of the dungeon, and saw 3 of its levels.

You collected 41 gold pieces.

Inventory:

Hand Weapons
 a - a +0 short sword
 l - a +3 whip of electrocution (weapon)
   (You took it off a kobold on level 2 of the Dungeon)
 v - a +2 dagger of venom
   (You took it off a kobold on level 2 of the Dungeon)
Missiles
 s - 2 throwing nets {=f, !d}
Armour
 b - a +0 leather armour
 k - a +0 scale mail (worn)
   (You found it on level 2 of the Dungeon)
Wands
 c - a wand of flame (15/48)
 d - a wand of enslavement (15/24)
 e - a wand of random effects (15/48)
Scrolls
 g - a scroll of amnesia {unknown}
 i - a scroll of recharging {unknown}
 j - a scroll of remove curse {unknown}
 o - 2 scrolls of teleportation {unknown}
 p - a scroll of fog {unknown}
 r - a scroll of identify {unknown}
 u - a scroll of magic mapping {unknown}
Potions
 q - a potion of flight {unknown}
 t - a potion of berserk rage {unknown}
Comestibles
 f - a bread ration {@e1}
 h - 3 fruits
 w - 3 chunks of flesh {@w0}


   Skills:
 + Level 2.8 Fighting
 - Level 0.8 Short Blades
 * Level 2.1 Maces & Flails
 + Level 1.3 Armour
 - Level 2.5 Dodging
 - Level 0.8 Stealth
 + Level 3.1 Evocations


You had 4 spell levels left.
You didn't know any spells.

Dungeon Overview and Level Annotations

Branches:
Dungeon (3/15)


Innate Abilities, Weirdness & Mutations

You have an increased reservoir of magic. (+10% MP)
Your attributes are resistant to harm.


Message History

The orc shouts!
You hit the jackal. The jackal closely misses you.
The orc priest calls down the wrath of Beogh upon you.
Beogh smites you! The jackal barely misses you.
An orc wizard comes into view. It is wielding a dagger of venom.
The orc wizard shouts!
You take 12 damage, and have 25/37 hp.
MASSIVE DAMAGE!!
Your scale mail prevents you from hitting the jackal.
The jackal bites you but does no damage.
You hit the jackal.
You kill the jackal!
A kobold comes into view. It is wielding a dagger.
The kobold shouts!
The orc priest calls down the wrath of Beogh upon you.
Beogh smites you!
An orc wizard comes into view. It is wielding a dagger.
You take 7 damage, and have 18/37 hp.
You closely miss the orc. The orc hits you but does no damage.
The orc misses you.
You closely miss the orc. The orc closely misses you. x2
You barely miss the orc priest. The orc closely misses you.
The orc wizard casts a spell.
The orc wizard seems to speed up.
The orc priest hits you but does no damage.
The orc barely misses you.
An orc comes into view. It is wielding a dagger.
You hit the orc priest but do no damage.
There is a sudden explosion of sparks!
You kill the orc priest!
Your Armour skill increases to level 1!
Your Evocations skill increases to level 3!
The orc wizard hits you with a dagger of venom.
The orc hits you with a hand axe.
You take 3 damage, and have 16/37 hp.
You hit the orc but do no damage. The orc wizard casts a spell at you.
The puff of frost hits you! The orc hits you.
* * * LOW HITPOINT WARNING * * *
The orc hits you with a mace.
* * * LOW HITPOINT WARNING * * *
The orc wizard mumbles some strange words.
The orc wizard seems to speed up.
The orc wizard hits you but does no damage.
You are lethally poisoned!
The orc hits you but does no damage.
You take 10 damage, and have 6/37 hp.
MASSIVE DAMAGE!!
Okay, then.
It was a potion of heal wounds.
You feel much better.
You feel sick.
The orc wizard hits you but does no damage.
You are more poisoned.
The orc hits you with a mace!
You regained 21 hp, and now have 27/37 hp.
Here: an orc wizard, wielding a dagger of venom and wearing a robe (fast)
The floor.
Unknown command.
You closely miss the orc wizard.
You feel sick.
The orc wizard hits you with a dagger of venom.
You are lethally poisoned!
The orc hits you with a hand axe.
The orc wizard points at you and mumbles some strange words.
You feel yourself slow down. The orc wizard closely misses you.
The orc closely misses you.
You take 6 damage, and have 21/37 hp.
You closely miss the orc wizard.
You feel very sick.
The orc wizard points at you and mumbles some strange words.
The puff of frost hits you!
* * * LOW HITPOINT WARNING * * *
The orc wizard hits you but does no damage.
The orc barely misses you.
The orc wizard hits you but does no damage.
The orc closely misses you.
You take 12 damage, and have 9/37 hp.
MASSIVE DAMAGE!!
You hit the orc wizard.
There is a sudden explosion of sparks!
You kill the orc wizard!
Your Maces & Flails skill increases to level 2!
You have reached level 5!
* * * LOW HITPOINT WARNING * * *
You feel very sick.
The orc throws a tomahawk.
The tomahawk closely misses you. The orc wizard closely misses you.
The orc hits you but does no damage. The orc completely misses you.
The orc wizard hits you but does no damage.
MP restored: 10 It was a potion of magic.
Magic courses through your body.
* * * LOW HITPOINT WARNING * * *
You feel sick. The kobold hits you with a dagger.
* * * LOW HITPOINT WARNING * * *
The orc hits you but does no damage. The kobold barely misses you.
The orc hits you with a mace.
* * * LOW HITPOINT WARNING * * *
You take 6 damage, and have 3/44 hp.
As you read the scroll labeled CONNEO HOISO, it crumbles to dust.
It is a scroll of enchant weapon.
Enchant which weapon? (? for menu, Esc to quit)
Your +2 whip of electrocution glows red for a moment.
You die...

#........ #........
#........ #K.......
#........ #........ .
#)K......
....########.#'#########
.....oK@ooKK............
#####.oo####.#.#########
#..o# ##.#......#
.....+........>..#
###...####.#......#
##### #.#......#
#.#......# ..#..รท...#
#......#


You could see an orc wizard, 5 orcs and 3 kobolds.

Vanquished Creatures
  2 orc wizards (D:3)
  An orc priest (D:3)
  2 adders
  A dart slug (D:1)
  2 giant geckos
  An orc (D:3)
  A giant cockroach (D:1)
  6 goblins
  A hobgoblin (D:1)
  11 jackals
  12 kobolds
  A ball python (D:1)
  8 bats
  4 giant newts
  7 rats
60 creatures vanquished.

Notes
Turn   | Place    | Note
--------------------------------------------------------------
     0 | D:1      | xnavy the Demigod Artificer began the quest for the Orb.
     0 | D:1      | Reached XP level 1. HP: 15/15 MP: 5/5
    24 | D:1      | Reached skill level 1 in Fighting
   230 | D:1      | Reached skill level 2 in Dodging
   505 | D:1      | Found a shimmering altar of Xom.
   509 | D:1      | Reached XP level 2. HP: 23/23 MP: 6/6
   706 | D:1      | Reached skill level 2 in Fighting
   943 | D:2      | Found an iron altar of Okawaru.
  1028 | D:2      | Reached XP level 3. HP: 18/29 MP: 7/7
  1610 | D:3      | Reached skill level 1 in Maces & Flails
  1660 | D:3      | Found a faded altar of an unknown god.
  1732 | D:3      | Reached XP level 4. HP: 37/37 MP: 8/8
  1754 | D:3      | Reached skill level 1 in Armour
  1754 | D:3      | Reached skill level 3 in Evocations
  1755 | D:3      | HP: 6/37 [orc/mace (5)]
  1759 | D:3      | Reached skill level 2 in Maces & Flails
  1759 | D:3      | Reached XP level 5. HP: 11/44 MP: 10/10
  1760 | D:3      | HP: 7/44 [poisoned by an orc wizard]
  1760 | D:3      | HP: 3/44 [orc/mace (3)]
  1761 | D:3      | Succumbed to an orc wizard's poison

Vault maps used:
D:1:      enne_arrival_octagon_isle, serial_bayou_pond_b, xom_teletrap_fun
D:2:      okawaru_metal_pillars_1_2
D:3:      cheibriados_altar_1, ecumenical_altar_1

Skill      XL: |  1  2  3  4 |
---------------+-------------+-----
Fighting       | 1 2 |  2.8
Dodging        | 2 |  2.5
Maces & Flails | 1 2 |  2.1
Armour         | 1 |  1.3
Evocations     | 3 |  3.1
Short Blades   | |  0.8
Stealth        | |  0.8

Action                   |  1- 3 |  4- 6 || total
-------------------------+-------+-------++-------
Melee: Short sword       |   114 |       ||   114
       Whip              |    58 |    21 ||    79
  Use: Potion            |       |     2 ||     2
       Scroll            |       |     1 ||     1
 Stab: Sleeping          |     3 |       ||     3
  Eat: Chunk             |     3 |       ||     3
Armor: Leather armour    |    30 |       ||    30
       Scale mail        |    48 |    17 ||    65
Dodge: Dodged            |   132 |    25 ||   157

Vault maps used:
D:1:      enne_arrival_octagon_isle, serial_bayou_pond_b, xom_teletrap_fun
D:2:      okawaru_metal_pillars_1_2
D:3:      cheibriados_altar_1, ecumenical_altar_1

Table legend:
 A = Turns spent in this place as a percentage of turns spent in the entire game.
 B = Non-inter-level travel turns spent in this place as a percentage of non-inter-level travel turns spent in the entire game.
 C = Inter-level travel turns spent in this place as a percentage of turns spent in this place.
 D = Turns resting spent in this place as a percentage of non-inter-level travel turns spent in this place.
 E = Turns spent auto-exploring this place as a percentage of non-inter-level travel turns spent in this place.
 F = Non-inter-level travel turns spent in this place divided by the number of levels of this place that you've seen.
                   A       B       C       D       E      F
               +-------+-------+-------+-------+-------+----------------------
         Total | 100.0 | 100.0 |   0.3 |   1.2 |   7.6 | 228.7
       Dungeon | 100.0 | 100.0 |   0.3 |   1.2 |   7.6 | 228.7
               +-------+-------+-------+-------+-------+----------------------

Table legend:
 A = Kills in this place as a percentage of kills in entire the game.
 B = Kills by you in this place as a percentage of kills by you in the entire game.
 C = Kills by friends in this place as a percentage of kills by friends in the entire game.
 D = Other kills in this place as a percentage of other kills in the entire game.
 E = Experience gained in this place as a percentage of experience gained in the entire game.
 F = Experience gained in this place divided by the number of levels of this place that you have seen.
                   A       B       C       D       E      F
               +-------+-------+-------+-------+-------+----------------------
         Total | 100.0 | 100.0 |  -nan |  -nan | 100.0 |  81.0
       Dungeon | 100.0 | 100.0 |  -nan |  -nan | 100.0 |  81.0
               +-------+-------+-------+-------+-------+----------------------
